 Dungeon Crawl Stone Soup version 0.20.1-1-g8b1a95d (webtiles) character file.

77 KeyboardTrauma the Chopper (level 4, -3/41 HPs)
             Began as a Minotaur Chaos Knight on Sept 9, 2017.
             Killed from afar by a dart slug (5 damage)
             ... with a slug dart
             ... on level 2 of the Dungeon.
             The game lasted 00:05:12 (900 turns).

KeyboardTrauma the Chopper (Minotaur Chaos Knight)   Turns: 900, Time: 00:05:12

Health: -3/41      AC:  3    Str: 18    XL:     4   Next: 13%
Magic:  0/3        EV: 12    Int:  9    God:    Xom [..*...]
Gold:   105        SH:  0    Dex:  9    Spells: 3/3 levels left

rFire    . . .     SeeInvis .   g - +2 hand axe (chop)
rCold    . . .     Gourm    .   (no shield)
rNeg     + . .     Faith    .   i - +1 robe {rN+} {boi}
rPois    .         Spirit   +   (helmet restricted)
rElec    .         Reflect  .   (no cloak)
rCorr    .         Harm     .   (no gloves)
MR       .....                  (no boots)
Stlth    +.........             n - amulet of guardian spirit
Regen    0.2/turn               (no ring)
MPRegen  0.1/turn               (no ring)

@: lethally poisoned (-3 -> -9)
A: retaliatory headbutt, horns 2
a: Renounce Religion


You were on level 2 of the Dungeon.
You worshipped Xom.
You were a toy of Xom.
You were not hungry.

You visited 1 branch of the dungeon, and saw 2 of its levels.

You collected 105 gold pieces.

Inventory:

Hand Weapons
 a - a +0 hand axe of chaos
 g - a +2 hand axe of chopping (weapon)
Armour
 b - a +2 leather armour
 i - a +1 robe of positive energy (worn) {boi}
Jewellery
 n - an amulet of guardian spirit (around neck)
Scrolls
 d - a scroll of teleportation
 j - a scroll of fear {unknown}
 l - a scroll of identify
 o - a scroll of fog {unknown}
Potions
 e - a potion of invisibility
 h - a potion of magic {unknown}
 k - a potion of degeneration {unknown}
Comestibles
 c - a bread ration
 f - a royal jelly
 m - a fruit


   Skills:
 + Level 4.3 Fighting
 + Level 4.8 Axes
 + Level 3.2 Armour
 + Level 1.4 Dodging
 + Level 0.1 Stealth


You had 3 spell levels left.
You didn't know any spells.

Dungeon Overview and Level Annotations

Branches:
Dungeon (2/15)

Altars:


Innate Abilities, Weirdness & Mutations

You reflexively headbutt those who attack you in melee.
You have a pair of horns on your head.


Message History

You feel stronger.
You miss the frilled lizard.
Your headbutt misses the frilled lizard.
* * * LOW HITPOINT WARNING * * *
You feel sick.
The frilled lizard bites you but does no damage.
The frilled lizard barely misses you.
You hit the frilled lizard.
You kill the frilled lizard!
* * * LOW HITPOINT WARNING * * *
You feel sick.
* * * LOW HITPOINT WARNING * * *
You feel sick.
Things that are here:
a frilled lizard corpse; an adder corpse
* * * LOW HITPOINT WARNING * * *
You feel sick. The dart slug launches a dart at you. The slug dart hits you!
You die...

##### #^..# ####.#.#
#....#.#
#....#.############## ##
#....#.....##........
..##....#.)...##..%.....
..##....#.....†.@.......
..##....##....##........
..##....########........
..##....# #........
..##....########........
..........†.........#.##
..##...##########.......
..########(...###.#.#w##
......................


You could see a dart slug.

Vanquished Creatures
  4 adders (D:2)
  An ooze (D:2)
  2 worms (D:2)
  A giant cockroach (D:1)
  2 hobgoblins
  A ball python (D:1)
  4 bats
  4 frilled lizards
  4 goblins
  8 kobolds
  5 rats
36 creatures vanquished.

Notes
Turn   | Place    | Note
-------+----------+-------------------------------------------
     0 | D:1      | KeyboardTrauma the Minotaur Chaos Knight began the quest for the Orb.
     0 | D:1      | Reached XP level 1. HP: 19/19 MP: 0/0
    23 | D:1      | XOM: harmless Air miscast
   161 | D:1      | XOM: potion effect (agility)
   180 | D:1      | Reached XP level 2. HP: 26/27 MP: 1/1
   360 | D:1      | XOM: divination: detect items
   512 | D:2      | Reached XP level 3. HP: 33/33 MP: 2/2
   698 | D:2      | XOM is BORED!
   698 | D:2      | XOM: noise
   894 | D:2      | Reached XP level 4. HP: 6/41 MP: 1/3
   899 | D:2      | HP: 2/41 [poisoned by an adder]
   900 | D:2      | Killed from afar by a dart slug

Skill      XL: |  1  2 |
---------------+-------+-----
Fighting       | 4 |  4.3
Axes           | 4 |  4.8
Armour         | 3 |  3.2
Dodging        | |  1.4
Stealth        | |  0.1

Action                   |  1- 3 |  4- 6 || total
-------------------------+-------+-------++-------
Melee: Hand axe          |    58 |     2 ||    60
       Headbutt          |     4 |       ||     4
  Use: Scroll            |     4 |       ||     4
 Stab: Sleeping          |     1 |       ||     1
Armor: Leather armour    |     6 |       ||     6
       Robe              |     7 |     1 ||     8
Dodge: Dodged            |    41 |     1 ||    42
